 Dungeon Crawl Stone Soup version 0.24-a0-583-g87330a484a (webtiles) character file.

Game seed: 12874825622589220042, levelgen mode: deterministic

2149 Mithandil the Agent of Entropy (level 9, 0/68 HPs)
             Began as a Demonspawn Abyssal Knight on Aug 28, 2019.
             Was a Priest of Lugonu.
             Slain by a killer bee (2 damage)
             ... on level 7 of the Dungeon.
             The game lasted 00:34:48 (5888 turns).

Mithandil the Agent of Entropy (DsAK)               Turns: 5888, Time: 00:34:49

Health: 0/68       AC: 14    Str: 18    XL:     9   Next: 9%
Magic:  13/13      EV:  8    Int: 13    God:    Lugonu [***...]
Gold:   279        SH:  5    Dex: 14    Spells: 10/10 levels left

rFire    . . .     SeeInvis .   a - +4 whip (drain)
rCold    + . .     Gourm    .   u - +0 buckler
rNeg     . . .     Faith    .   I - +0 plate armour
rPois    +         Spirit   .   (no helmet)
rElec    .         Reflect  .   A - +0 cloak
rCorr    .         Harm     .   (no gloves)
MR       +....                  y - +0 pair of boots
Stlth    ..........             (no amulet)
HPRegen  0.21/turn              l - +3 ring of strength
MPRegen  0.13/turn              e - ring of protection from magic

@: lethally poisoned (0 -> -2)
A: cold resistance 1, mutation resistance 1, poison resistance, powered by death
2, sturdy frame 1
a: Depart the Abyss, Bend Space, Banish, Renounce Religion


You were on level 7 of the Dungeon.
You worshipped Lugonu.
Lugonu was most pleased with you.
You were not hungry.

You visited 1 branch of the dungeon, and saw 7 of its levels.
You visited the Abyss 1 time.

You collected 279 gold pieces.

Inventory:

Hand Weapons
 a - a +4 whip of draining (weapon)
 b - a +1 falchion
 j - a +0 hunting sling
 m - a +0 spear
 s - a +3 vampiric scythe
 z - a +1 battleaxe
 B - a +0 short sword of venom
 F - a cursed +4 great sword
 G - a +5 flail of freezing
 H - a +1 dagger of speed
Missiles
 d - a throwing net
 g - 6 curare-tipped darts (quivered)
 i - 171 stones
 k - 11 boomerangs
 r - 118 bolts
Armour
 u - a +0 buckler (worn)
 y - a +0 pair of boots (worn)
 A - a +0 cloak (worn)
 I - a +0 plate armour (worn)
Jewellery
 e - a ring of protection from magic (right hand)
 l - a +3 ring of strength (left hand)
 q - an uncursed ring of resist corrosion
 D - an uncursed ring of poison resistance
Wands
 n - a wand of disintegration (13)
Scrolls
 h - 5 scrolls of amnesia
 p - 4 scrolls of teleportation
 v - a scroll of blinking
 C - a scroll of identify
Potions
 f - a potion of mutation
 o - a potion of brilliance
 t - a potion of agility
 w - a potion of curing
 E - a potion of flight
Comestibles
 c - 5 rations
 x - 4 chunks of flesh


   Skills:
 + Level 5.0 Fighting
 - Level 2.8 Long Blades
 * Level 4.5 Maces & Flails
 - Level 1.2 Polearms
 + Level 4.0 Armour
 + Level 3.6 Dodging
 - Level 4.1 Shields
 - Level 3.3 Unarmed Combat
 - Level 1.0 Spellcasting
 + Level 5.8 Invocations


You had 10 spell levels left.
You didn't know any spells.
Your spell library contained the following spells:

 Spells                   Type           Power        Failure   Level  Hunger
 Summon Small Mammal      Summ           #...         99%         1    ##.....
 Call Imp                 Summ           #.......     100%        2    ###....
 Call Canine Familiar     Summ           #.......     100%        3    ####...
 Summon Guardian Golem    Hex/Summ       #.......     100%        3    ####...
 Summon Ice Beast         Ice/Summ       #.......     100%        4    #####..
 Summon Lightning Spire   Summ/Air       #.......     100%        4    #####..


Dungeon Overview and Level Annotations

Branches:
Dungeon (7/15)
 Temple: D:4-7

Altars:
Cheibriados
Dithmenos
Fedhas
Kikubaaqudgha
Makhleb
Qazlal
Ru
Trog
Uskayaw
Wu Jian
Yredelemnul


Innate Abilities, Weirdness & Mutations

Your flesh is cold resistant. (rC+)
You regenerate health from kills.
Your movements are slightly less encumbered by armour. (ER -2)
You are somewhat resistant to further mutation.
Your system is resistant to poisons. (rPois)


Message History

The killer bee closely misses you. The killer bee barely misses you.
You miss the killer bee.
The killer bee is heavily wounded.
The killer bee closely misses you.
The killer bee stings you but does no damage.
You block the killer bee's attack. The killer bee barely misses you. x2
You closely miss the killer bee.
The killer bee is heavily wounded.
You feel sick. The killer bee stings you.
* * * LOW HITPOINT WARNING * * *
The killer bee stings you but does no damage. x2
The killer bee stings you.
* * * LOW HITPOINT WARNING * * *
The killer bee barely misses you.
You closely miss the killer bee.
The killer bee is heavily wounded.
The killer bee closely misses you.
The killer bee stings you but does no damage. x3
The killer bee stings you.
You die...

.... ....###
....... .......
#..... #.....
#....y############
+...yy@.........>#
#....y##########.#
#..... #.# #.....
#.# ######
#######.######
.............#
##.####.####.#
###.##.....## #
....
...#.......#..


You could see 4 killer bees.

Vanquished Creatures
  Harold (D:7)
  Sigmund (D:3)
  An orc warrior (D:7)
  A sky beast (D:5)
  A centaur (D:5)
  An ogre (D:4)
  A bullfrog (D:6)
  2 scorpions
  4 wights (D:6)
  A crimson imp (D:5)
  2 orc priests
  A hound (D:4)
  An orc wizard (D:7)
  Jessica (D:2)
  An iguana (D:6)
  6 worker ants
  A hound skeleton (D:4)
  Robin (D:2)
  4 gnolls (D:4)
  10 adders
  2 shadow imps
  2 oozes
  2 worms (D:3)
  A dart slug (D:4)
  3 leopard geckos
  11 orcs
  A ball python (D:3)
  6 bats
  7 giant cockroaches
  17 goblins
  7 hobgoblins
  7 frilled lizards
  2 kobolds
  A quokka skeleton (D:5)
  6 rats
  A plant (D:3)
118 creatures vanquished.

Vanquished Creatures (others)
  A wizard (D:4)
1 creature vanquished.

Grand Total: 119 creatures vanquished

Notes
Turn   | Place    | Note
-------+----------+-------------------------------------------
     0 | Abyss:1  | Mithandil the Demonspawn Abyssal Knight began the quest for
                  | the Orb.
     0 | Abyss:1  | Reached XP level 1. HP: 18/18 MP: 2/2
    32 | Abyss:1  | Noticed a ynoxinul
    33 | D:1      | Escaped the Abyss
   200 | D:1      | Reached skill level 1 in Dodging
   276 | D:2      | Gained mutation: Your movements are slightly less
                  | encumbered by armour. (ER -2) [demonic ancestry]
   276 | D:2      | Reached XP level 2. HP: 18/24 MP: 3/3
   359 | D:1      | Gained mutation: Your magical capacity is low. (-10% MP)
                  | [potion of mutation]
   359 | D:1      | Gained mutation: Your natural rate of healing is unusually
                  | fast. [potion of mutation]
   363 | D:1      | Lost mutation: Your natural rate of healing is unusually
                  | fast. [potion of mutation]
   363 | D:1      | Lost mutation: Your magical capacity is low. (-10% MP)
                  | [potion of mutation]
   363 | D:1      | Gained mutation: You have supernaturally acute eyesight.
                  | (SInv) [potion of mutation]
   363 | D:1      | Gained mutation: You have a beak for a mouth. [potion of
                  | mutation]
   644 | D:2      | Reached * piety under Lugonu
   644 | D:2      | Reached XP level 3. HP: 20/29 MP: 5/5
  1205 | D:2      | Noticed Jessica
  1213 | D:2      | Gained mutation: You regenerate a little health from kills.
                  | [demonic ancestry]
  1213 | D:2      | Reached XP level 4. HP: 20/35 MP: 6/6
  1219 | D:2      | Killed Jessica
  1219 | D:2      | Reached skill level 1 in Polearms
  1219 | D:2      | Reached skill level 1 in Spellcasting
  1574 | D:2      | Noticed Robin
  1595 | D:2      | Killed Robin
  1638 | D:3      | Reached skill level 1 in Unarmed Combat
  1901 | D:3      | Found a sacrificial altar of Ru.
  1927 | D:3      | Reached XP level 5. HP: 40/41 MP: 7/7
  2055 | D:4      | Reached ** piety under Lugonu
  2076 | D:4      | Noticed an ogre
  2103 | D:3      | Found a blossoming altar of Fedhas.
  2443 | D:3      | Noticed Sigmund
  2453 | D:3      | Killed Sigmund
  2453 | D:3      | Reached skill level 1 in Maces & Flails
  2453 | D:3      | Reached XP level 6. HP: 22/48 MP: 8/8
  2564 | D:3      | Found a burning altar of Makhleb.
  2723 | D:5      | Entered Level 5 of the Dungeon
  2757 | D:4      | Found a snail-covered altar of Cheibriados.
  3030 | D:4      | Lost mutation: You have supernaturally acute eyesight.
                  | (SInv) [potion of mutation]
  3030 | D:4      | Lost mutation: You have a beak for a mouth. [potion of
                  | mutation]
  3030 | D:4      | Gained mutation: You are frail. (-10% HP) [potion of
                  | mutation]
  3030 | D:4      | Gained mutation: You are somewhat resistant to further
                  | mutation. [potion of mutation]
  3265 | D:4      | Found an ancient bone altar of Kikubaaqudgha.
  3287 | D:4      | Found a hide-covered altar of Uskayaw.
  3292 | D:4      | Reached skill level 1 in Shields
  3292 | D:4      | Reached XP level 7. HP: 43/47 MP: 10/10
  3319 | D:4      | Noticed a +0 dagger
  3320 | D:4      | Noticed a +0 dagger
  3946 | D:4      | Found a bloodstained altar of Trog.
  3947 | D:4      | Noticed a wizard
  3952 | D:4      | Killed a wizard
  4000 | D:5      | Lost mutation: You are frail. (-10% HP) [potion of
                  | mutation]
  4000 | D:5      | Gained mutation: Your system is resistant to poisons.
                  | (rPois) [potion of mutation]
  4087 | D:5      | Found a shadowy altar of Dithmenos.
  4531 | D:5      | Reached *** piety under Lugonu
  4629 | D:5      | Found a blossoming altar of Fedhas.
  4673 | D:5      | Found a stormy altar of Qazlal.
  5056 | D:6      | Gained mutation: Your flesh is cold resistant. (rC+)
                  | [demonic ancestry]
  5056 | D:6      | Reached XP level 8. HP: 23/61 MP: 11/11
  5410 | D:6      | Reached skill level 5 in Invocations
  5453 | D:7      | Found a basalt altar of Yredelemnul.
  5641 | D:7      | Found an ornate altar of the Wu Jian Council.
  5642 | D:7      | Noticed Harold
  5658 | D:7      | HP: 3/61 [Harold/+0 trident (8)]
  5678 | D:7      | Killed Harold
  5678 | D:7      | Reached skill level 5 in Fighting
  5678 | D:7      | Gained mutation: You regenerate health from kills. [demonic
                  | ancestry]
  5678 | D:7      | Reached XP level 9. HP: 7/68 MP: 11/13
  5887 | D:7      | HP: 2/68 [killer bee (5)]
  5888 | D:7      | Slain by a killer bee

Levels and vault maps discovered:
D:1:      lightli_arrival_windingriver, layout_basic
D:2:      minmay_evil_eye, layout_basic, uniq_robin, uniq_jessica
D:3:      layout_basic, nicolae_ru_path_of_blood, lightli_temple_of_fire,
          first_ration, small_statue_intersection, fedhas_ov_isle_minmay,
          uniq_sigmund
D:4:      layout_basic, kennysheep_slug_shrine, kiku_gazebo_pond_becter,
          dancing_weapons_uskayaw, trog_wizard
D:5:      layout_gridville, grunt_temple_overflow_forces_of_nature,
          grunt_dithmenos_shadows, serial_bayou_pond_e
D:6:      layout_gridville, vehumet_altar_wand_db, serial_shops,
          nicolae_shop_behind_doors, grunt_ministairs_12,
          minmay_misc_feat_secret_circle
D:7:      layout_basic, old_standard_altar, lemuel_doored_altar,
          minmay_temple_entry_glass, enter_ossuary_1, the_bakery, uniq_harold,
          uniq_prince_ribbit1, uniq_joseph

Skill      XL: |  1  2  3  4  5  6  7  8 |
---------------+-------------------------+-----
Dodging        | 1 2 3 |  3.6
Long Blades    | 2 |  2.8
Armour         | 2 3 4 |  4.0
Polearms       | 1 |  1.2
Spellcasting   | 1 |  1.0
Invocations    | 3 4 5 |  5.8
Unarmed Combat | 1 2 3 |  3.3
Maces & Flails | 1 2 3 4 |  4.5
Shields        | 1 2 4 |  4.1
Fighting       | 4 5 |  5.0

Action                   |  1- 3 |  4- 6 |  7- 9 || total
-------------------------+-------+-------+-------++-------
Melee: Falchion          |    94 |    74 |       ||   168
       Spear             |    21 |     6 |       ||    27
       Peck              |     5 |    38 |       ||    43
       Whip              |       |   100 |   266 ||   366
       Scythe            |       |     1 |       ||     1
Invok: Depart the Abyss  |     1 |       |       ||     1
  Use: Potion            |     5 |     6 |     1 ||    12
       Scroll            |     6 |     2 |     6 ||    14
  Eat: Chunk             |     1 |     7 |     5 ||    13
       Ration            |       |       |     1 ||     1
Armor: Leather armour    |    32 |       |       ||    32
       Scale mail        |    25 |    24 |       ||    49
       Chain mail        |       |    49 |   128 ||   177
       Plate armour      |       |       |    33 ||    33
Dodge: Dodged            |    79 |    64 |   136 ||   279
Block: Buckler           |       |     4 |    65 ||    69
       Rpst.: Falchion   |    24 |    14 |       ||    38

Table legend:
 A = Non-vault XP
 B = Vault XP
 C = Vault XP percentage of total XP
 D = Non-vault monster count
 E = Vault monster count
 F = Vault count percentage of total count
                 A         B        C        D         E       F
            +---------+---------+-------+---------+---------+-------
      Total |    1486 |    1584 |  51.6 |      91 |      26 |  22.2
            +---------+---------+-------+---------+---------+-------
        D:1 |      15 |       0 |   0.0 |      11 |       0 |   0.0
        D:2 |      85 |      82 |  49.1 |      21 |      17 |  44.7
        D:3 |      90 |     231 |  72.0 |      16 |       1 |   5.9
        D:4 |     455 |       4 |   0.9 |      20 |       1 |   4.8
        D:5 |     418 |      11 |   2.6 |      11 |       1 |   8.3
        D:6 |     234 |     275 |  54.0 |       8 |       5 |  38.5
        D:7 |     189 |     981 |  83.8 |       4 |       1 |  20.0
            +---------+---------+-------+---------+---------+-------
